 Dungeon Crawl Stone Soup version 0.20-a0-1026-gc3ddcbd (webtiles) character file.

2972 Herrn the Chopper (level 10, -10/77 HPs)
             Began as a Formicid Wanderer on Apr 20, 2017.
             Was a Believer of Okawaru.
             Mangled by a two-headed ogre
             ... wielding a +0 giant club
              (12 damage)
             ... on level 8 of the Dungeon.
             The game lasted 00:19:05 (7474 turns).

Herrn the Chopper (Formicid Wanderer)               Turns: 7474, Time: 00:19:06

Health: -10/77     AC:  8    Str: 25    XL:     10   Next: 8%
Magic:  0/11       EV: 15    Int:  9    God:    Okawaru [**....]
Gold:   356        SH:  0    Dex:  8    Spells: 9/9 levels left

rFire    . . .     SeeInvis +   O - +2 halberd (freeze)
rCold    . . .     Gourm    .   (no shield)
rNeg     . . .     Faith    .   i - +1 leather armour {rPois}
rPois    +         Spirit   +   (helmet unavailable)
rElec    .         Reflect  .   (no cloak)
rCorr    .         Harm     .   m - +0 pair of gloves
MR       ++...                  (no boots)
Stlth    +++.......             N - amulet of guardian spirit
Regen    0.3/turn               y - ring of flight
MPRegen  0.2/turn               J - ring of protection from magic

@: heroism
A: permanent stasis, dig shafts and tunnels, four strong arms, antennae 3, slimy
green scales 1, high mp 1
a: Dig, Shaft Self, Heroism, Renounce Religion, Evoke Flight


You were on level 8 of the Dungeon.
You worshipped Okawaru.
Okawaru was pleased with you.
You were very hungry.

You visited 2 branches of the dungeon, and saw 9 of its levels.

You collected 356 gold pieces.

Inventory:

Hand Weapons
 a - a +2 hand crossbow
 d - a +0 hand axe
 F - a cursed -1 hand axe
 H - a +0 hand axe of venom
 L - a cursed +3 trident of freezing
 O - a +2 halberd of freezing (weapon)
 P - a +3 hand axe of freezing
Missiles
 b - 59 bolts
Armour
 e - a +0 chain mail
 i - a +1 leather armour of poison resistance (worn)
 m - a +0 pair of gloves (worn)
Jewellery
 y - a ring of flight (left hand)
 J - a ring of protection from magic (right hand)
 N - an amulet of guardian spirit (around neck)
Scrolls
 g - a scroll of amnesia
 j - 2 scrolls of noise
 k - 2 scrolls of fear
 n - a scroll of magic mapping
 q - 3 scrolls of remove curse {unknown}
 r - 3 scrolls of blinking
 t - 2 scrolls of recharging
 u - a scroll of enchant armour
 w - 2 scrolls of enchant weapon
 B - 3 scrolls of teleportation
 C - 4 scrolls of immolation {unknown}
 Q - a scroll of fog {unknown}
Potions
 c - 3 potions of lignification {unknown}
 h - a potion of curing
 o - a potion of resistance {unknown}
 p - 2 potions of brilliance {unknown}
 v - 2 potions of mutation
 z - a potion of degeneration {unknown}
 A - 2 potions of magic {unknown}
 D - 2 potions of haste {unknown}
 E - 3 potions of flight {unknown}
 G - 2 potions of agility {unknown}
 S - a potion of ambrosia {unknown}
Books
 M - a book of Maledictions

   Spells                             Type                      Level
   a - Corona                         Hexes                        1
   b - Ensorcelled Hibernation        Hexes/Ice                    2
   c - Confuse                        Hexes                        3
   d - Tukima's Dance                 Hexes                        3
   e - Dazzling Spray                 Conjuration/Hexes            3
Comestibles
 f - 5 bread rations
 l - 3 chunks of flesh
 s - 4 royal jellies
 I - 6 fruits


   Skills:
 + Level 6.3(11.3) Fighting
 * Level 7.6(12.6) Axes
 + Level 7.0(12.0) Crossbows
 + Level 5.4(10.4) Armour
 * Level 4.6(9.6) Dodging
 - Level 1.2(6.2) Stealth
 + Level 0.5 Invocations
 + Level 1.1 Evocations


You had 9 spell levels left.
You didn't know any spells.

Dungeon Overview and Level Annotations

Branches:
Dungeon (8/15)             Temple (1/1) D:5
   Lair: D:8-11

Altars:
Ashenzari
Cheibriados
Dithmenos
Elyvilon
Fedhas
Gozag
Hepliaklqana
Kikubaaqudgha
Makhleb
Nemelex Xobeh
Okawaru
Ru
Sif Muna
Trog
Uskayaw
Vehumet
Wu Jian
Xom
Yredelemnul
Zin
The Shining One

Shops:
D:7 (==

Annotations:
D:7 1 runed door


Innate Abilities, Weirdness & Mutations

You cannot be hasted, slowed, berserked, paralysed or teleported.
You can dig through walls and to a lower floor.
Your four strong arms can wield two-handed weapons with a shield.
You have a pair of large antennae on your head. (SInv)
You are partially covered in slimy green scales. (AC +2)
You have an increased reservoir of magic. (+10% MP)


Message History

The elf zombie hits you but does no damage.
You are feeling very hungry.
You hit the elf zombie.
The elf zombie is heavily damaged.
The adder closely misses you. The adder misses you.
The two-headed ogre hits you with a giant club.
* * * LOW HITPOINT WARNING * * *
The two-headed ogre closely misses you. The elf zombie closely misses you.
You hit the elf zombie.
The elf zombie is severely damaged.
The adder closely misses you.
Unknown command.
You slash the elf zombie!
The elf zombie is almost destroyed.
The adder bites you.
* * * LOW HITPOINT WARNING * * *
The two-headed ogre hits you with a giant club!
* * * LOW HITPOINT WARNING * * *
The two-headed ogre hits you with a giant club!
You die...

.....#.....,,,,,,,,,,,,,,,,,,,**,
...<.............,,,,,,,,,,,,,**,
.......#.........,,,,,,,,,,,,,,,,
.O........#..##.#***,,,*********,
.....#.#.....##.# *,,,* *,
##.###.#..#..##.# *,,,* *,
#............##.# *,,,* *,
#.####.........S#####**** *,
#.##......####WO@Z..#,*,* **,
#.##.##.#.5..H#####+#+*+* *** *,,
#.##.##.#.###{###,+,,,+{***,****,
#.O.....#.# #...#**,,,***,,*,****
.....####<###.###,+,,,+{*,,,,,,,,
###### #.....# *+*+*+*+*,*,,,,**
####.#####{*{*,*,*,,,,,,**
#....{{.(#######**,**,,,,,
#.##.##.#(W....# *,***,,*,


You could see a two-headed ogre, a hippogriff, a hungry ghost, a crimson imp, an
adder and an elf zombie.

Vanquished Creatures
  Sigmund (D:2)
  A hungry ghost (D:7)
  Menkaure (D:5)
  2 ice beasts (D:5)
  An orc warrior (D:4)
  A necrophage (D:8)
  A phantom (D:4)
  3 ogres
  A centaur (D:7)
  A big kobold (D:7)
  A scorpion (D:5)
  3 killer bees (D:8)
  15 wights (D:6)
  An electric eel (D:7)
  A howler monkey (D:6)
  2 crimson imps (D:7)
  4 hounds
  2 orc priests (D:4)
  A bullfrog skeleton (D:4)
  Terence (D:2)
  An iguana (D:8)
  5 orc wizards
  3 worker ants
  A hound skeleton (D:5)
  2 worker ant zombies
  3 gnolls (D:7)
  12 adders
  An ooze (D:5)
  2 adder skeletons
  2 adder zombies (D:6)
  2 worms
  3 dart slugs
  3 leopard geckos
  17 orcs
  5 ball pythons
  4 bats (D:1)
  A giant cockroach (D:6)
  6 goblins
  2 hobgoblins
  8 jackals
  3 kobolds (D:7)
  5 quokkas
  A frilled lizard (D:4)
  A jackal zombie (D:8)
  A leopard gecko zombie (D:6)
  7 rats
145 creatures vanquished.

Notes
Turn   | Place    | Note
-------+----------+-------------------------------------------
     0 | D:1      | Herrn the Formicid Wanderer began the quest for the Orb.
     0 | D:1      | Herrn set off with: a +2 hand crossbow, 22 bolts, a +0 mace, a +0 hand axe, a +0 robe, a bread ration
     0 | D:1      | Reached XP level 1. HP: 18/18 MP: 1/1
   462 | D:1      | Reached XP level 2. HP: 22/24 MP: 2/2
  1014 | D:2      | Noticed Terence
  1146 | D:2      | Reached XP level 3. HP: 28/30 MP: 3/3
  1263 | D:2      | Found a sacrificial altar of Ru.
  1476 | D:2      | Killed Terence
  1476 | D:2      | Reached XP level 4. HP: 37/37 MP: 4/4
  1692 | D:2      | Noticed Sigmund
  1702 | D:2      | Killed Sigmund
  1702 | D:2      | Reached skill level 1 in Dodging
  1702 | D:2      | Reached XP level 5. HP: 34/42 MP: 5/5
  1702 | D:2      | Reached XP level 6. HP: 39/48 MP: 6/6
  2151 | D:3      | Found a shadowy altar of Dithmenos.
  2552 | D:4      | Noticed an ogre
  2562 | D:4      | Killed an ogre
  2562 | D:4      | Reached XP level 7. HP: 25/55 MP: 7/7
  3387 | D:4      | Reached skill level 5 in Axes
  3563 | D:4      | Reached XP level 8. HP: 61/61 MP: 8/8
  3645 | D:5      | Entered Level 5 of the Dungeon
  3645 | D:5      | Noticed Menkaure
  3650 | D:5      | Killed Menkaure
  3696 | D:5      | Reached skill level 5 in Crossbows
  3742 | D:5      | Found an ornate altar of the Wu Jian Council.
  4081 | D:5      | Reached skill level 5 in Fighting
  4096 | D:5      | Found a staircase to the Ecumenical Temple.
  4103 | Temple   | Entered the Ecumenical Temple
  4171 | Temple   | Became a worshipper of Warmaster Okawaru
  4513 | D:6      | Found a snail-covered altar of Cheibriados.
  4613 | D:6      | Found a hide-covered altar of Uskayaw.
  4740 | D:6      | Reached XP level 9. HP: 57/68 MP: 9/9
  4817 | D:6      | Reached * piety under Okawaru
  5342 | D:7      | Found Zelozaydi's Jewellery Shoppe.
  5384 | D:7      | Found Veacvuh's Jewellery Emporium.
  5543 | D:7      | Found Damok's Weapon Boutique.
  5743 | D:7      | Reached ** piety under Okawaru
  6004 | D:7      | Reached skill level 5 in Armour
  6322 | D:7      | Found an iron altar of Okawaru.
  7145 | D:7      | Found a runed door.
  7270 | D:8      | Gained mutation: You are partially covered in slimy green scales. (AC +2) [potion of mutation]
  7270 | D:8      | Gained mutation: You have an increased reservoir of magic. (+10% MP) [potion of mutation]
  7293 | D:8      | Reached XP level 10. HP: 20/76 MP: 3/11
  7446 | D:8      | Noticed a two-headed ogre
  7474 | D:8      | HP: 2/77 [two-headed ogre/giant club (6)]
  7474 | D:8      | Mangled by a two-headed ogre

Vault maps used:
D:1:      lemuel_arrival_muddy
D:2:      lemuel_doored_altar, first_bread, uniq_sigmund, uniq_terence
D:3:      grunt_dithmenos_smoke
D:5:      kennysheep_little_box, minmay_temple_entry_statues_fountains,
          uniq_menkaure
D:6:      old_standard_altar, basic_altar
D:7:      serial_shops, nicolae_shop_waterfront, shop, nicolae_shop_waterfront,
          basic_altar, chequers_big_river, uniq_crazy_yiuf_cottage
D:8:      nicolae_ossuary_entry_catacombs, nicolae_qazlal_general_emergency
Temple:   regret_index_temple_mists

Skill      XL: |  1  2  3  4  5  6  7  8  9 10 |
---------------+-------------------------------+-----
Axes           | 2 4 5 7 |  7.6
Fighting       | 4 5 6 |  6.3
Armour         | 3 4 5 |  5.4
Dodging        | 1 2 3 4 |  4.6
Crossbows      | 4 6 7 |  7.0
Stealth        | |  1.2
Invocations    | |  0.5
Evocations     | |  1.1

Action                   |  1- 3 |  4- 6 |  7- 9 | 10-12 || total
-------------------------+-------+-------+-------+-------++-------
Melee: Hand axe          |    96 |    48 |   222 |       ||   366
       Punch             |       |       |     1 |       ||     1
       Halberd           |       |       |       |     8 ||     8
 Fire: Hand crossbow     |     7 |    15 |   201 |    13 ||   236
Invok: Heroism           |       |       |     2 |     2 ||     4
 Abil: Dig               |       |       |    11 |     2 ||    13
  Use: Potion            |       |       |     7 |       ||     7
       Scroll            |       |       |     2 |     9 ||    11
  Eat: Chunk             |     1 |     2 |     7 |       ||    10
       Royal jelly       |       |     1 |       |       ||     1
       Meat ration       |       |       |     3 |       ||     3
       Fruit             |       |       |     2 |       ||     2
Armor: Chain mail        |    73 |    22 |   153 |       ||   248
       Leather armour    |     6 |       |     7 |     7 ||    20
       Robe              |     1 |       |       |       ||     1
Dodge: Dodged            |    53 |    21 |   175 |    29 ||   278
